 Dungeon Crawl Stone Soup version 0.17-a0-1397-g0eee0a3 (webtiles) character file.

31 WellDressedCM the Cutter (level 3, -5/22 HPs)
             Began as a Kobold Gladiator on June 17, 2015.
             Slain by an ogre
             ... wielding a +0 giant club
              (10 damage)
             ... on level 4 of the Dungeon.
             The game lasted 00:16:54 (861 turns).

WellDressedCM the Cutter (Kobold Gladiator)          Turns: 861, Time: 00:16:54

Health: -5/22      AC: 11    Str: 13    XL:     3   Next: 40%
Magic:  3/3        EV:  6    Int:  6    God:
Gold:   47         SH:  0    Dex: 17    Spells: 0 memorised, 2 levels left

rFire  . . .     SeeInvis .     a - +0 rapier
rCold  . . .     Clarity  .     n - +0 plate armour
rNeg   . . .     SustAt   .     (shield restricted)
rPois  .         Gourm    .     c - +0 helmet
rElec  .         Spirit   .     (no cloak)
rCorr  .         Warding  .     (no gloves)
rMut   .         Stasis   .     (no boots)
MR     .....                    (no amulet)
Stlth  ..........               (no ring)
                                (no ring)

@: not resistant to hostile enchantments, extremely unstealthy
A: carnivore 3
a: no special abilities


You were on level 4 of the Dungeon.
You were not hungry.

You visited 1 branch of the dungeon, and saw 3 of its levels.

You collected 47 gold pieces.

Inventory:

Hand weapons
 a - a +0 rapier (weapon)
 h - a +0 dagger
 j - a +0 dagger
Missiles
 d - 3 throwing nets
 f - 83 stones (quivered)
 i - 20 bolts
 k - 19 poisoned needles
 l - 12 bolts of penetration
 m - 23 sling bullets
Armour
 b - a +0 leather armour
 c - a +0 helmet (worn)
 n - a +0 plate armour (worn)
Scrolls
 g - a scroll of identify
 t - a scroll of remove curse
Potions
 o - 3 potions of curing
Books
 q - a book of the Sky

   Spells                             Type                      Level
   a - Summon Lightning Spire         Summoning/Air                4
   b - Airstrike                      Air                          4
   c - Silence                        Hexes/Air                    5
   d - Deflect Missiles               Charms/Air                   6
   e - Conjure Ball Lightning         Conjuration/Air              6
   f - Tornado                        Air                          9
Comestibles
 e - a meat ration
 p - a beef jerky
 r - 2 chunks of flesh


   Skills:
 + Level 2.4 Fighting
 + Level 4.5 Short Blades
 + Level 3.4 Throwing
 + Level 0.1 Armour
 + Level 3.9 Dodging
 + Level 0.4 Stealth


You had 2 spell levels left.
You didn't know any spells.

Dungeon Overview and Level Annotations

Branches:
Dungeon (4/15)
 Temple: D:4-7

Altars:
Kikubaaqudgha
Trog


Innate Abilities, Weirdness & Mutations

You are small and have problems with some larger weapons.
You are carnivorous and can eat meat at any time.


Message History

You are not religious.
You fall through a shaft!
The shaft crumbles and collapses.
An ogre comes into view. It is wielding a giant club.
The ogre shouts!
Found a meat ration.
Found an ancient bone altar of Kikubaaqudgha.
Found a ring mail.
You closely miss the ogre. The ogre hits you with a giant club.
You hit the ogre.
The ogre is lightly wounded.
You hit the ogre but do no damage.
The ogre is lightly wounded.
The ogre hits you with a giant club!
Ouch! That really hurt!
* * * LOW HITPOINT WARNING * * *
You hit the ogre.
The ogre is lightly wounded.
The ogre hits you with a giant club!
You die...

## #
##.#### ..
.....# ##.
....# ....
...# .[...
..#
....P.##.#
#...@O###
.#..PPP..#
#.........#
#....#....#
#._..##.PP#
#.... .P..#
#... P...##
#.#......#
.%....#


You could see an ogre.

Vanquished Creatures
  An adder (D:2)
  2 bats
  2 hobgoblins (D:2)
  2 giant cockroaches (D:1)
  A giant gecko (D:1)
  A giant newt (D:1)
  6 goblins
  3 kobolds
  6 rats (D:1)
24 creatures vanquished.

Notes
Turn   | Place    | Note
--------------------------------------------------------------
     0 | D:1      | WellDressedCM the Kobold Gladiator began the quest for the Orb.
     0 | D:1      | Reached XP level 1. HP: 12/12 MP: 1/1
   231 | D:1      | Reached XP level 2. HP: 12/18 MP: 2/2
   673 | D:2      | Reached XP level 3. HP: 22/22 MP: 3/3
   743 | D:2      | Found a bloodstained altar of Trog.
   854 | D:2      | You fall through a shaft!
   854 | D:4      | Noticed an ogre
   855 | D:4      | Found an ancient bone altar of Kikubaaqudgha.
   861 | D:4      | Slain by an ogre

Vault maps used:
D:1:      dpeg_arrival_water_temple_mockup
D:2:      lemuel_doored_altar
D:4:      old_standard_altar, kiku_gazebo_garden_becter,
          gammafunk_temple_overflow_pools, hex_medium, uniq_natasha

Action                   || total
-------------------------++-------
Melee: Rapier            ||    88
Throw: Stone             ||    38
       Throwing net      ||     3
  Use: Scroll            ||     6
       Potion            ||     2
  Eat: Chunk             ||     1
